 Dungeon Crawl Stone Soup version 0.30-a0-561-g1b0378597e (webtiles) character file.

Game seed: 6855837708272612848

474 M4edhros the Trooper (level 7, -3/47 (50) HPs)
             Began as an Octopode Chaos Knight on Dec 28, 2022.
             Was a Plaything of Xom.
             Slain by a soul eater (4 damage)
             ... summoned by Xom
             ... on level 4 of the Dungeon.
             The game lasted 00:03:21 (12020 turns).

M4edhros the Trooper (Octopode Chaos Knight)       Turns: 12020, Time: 00:03:22

HP:   -3/47 (50)    AC:  5    Str: 10    XL:     7   Next: 10%
MP:   7/7           EV: 15    Int: 14    God:    Xom [......]
Gold: 192           SH:  0    Dex: 17    Spells: 6/6 levels left

rFire   . . .      SeeInvis .    a - +0 mace (chaos)
rCold   . . .      Faith    .    (no shield)
rNeg    . . .      Spirit   .    (helmet restricted)
rPois   .          Reflect  .    (no amulet)
rElec   .          Harm     .    (no ring)
rCorr   .          Rampage  .    (no ring)
Will    .....      Clarity  +    (no ring)
Stlth   +++                      (no ring)
HPRegen 0.27/turn                (no ring)
MPRegen 0.10/turn                (no ring)
                                 (no ring)
                                 (no ring)

@: mighty, about to teleport, spiked, drained
A: almost no armour, amphibious, 8 rings, camouflage 1, gelatinous body 1,
(nimble swimmer 1), tentacles, tentacle spike 2, iridescent scales 2, agile 1,
clarity, mutation resistance 1, wild magic 2
a: Renounce Religion


You were on level 4 of the Dungeon.
You worshipped Xom.
You were a very special plaything of Xom.
You visited 1 branch of the dungeon, and saw 5 of its levels.

You collected 192 gold pieces.

Inventory:

Hand Weapons
 a - a +0 mace of chaos (weapon)
 i - a +0 bardiche
 j - a +0 short sword
 l - a +0 war axe
Missiles
 e - 6 curare-tipped darts
Armour
 k - a +0 robe
 p - a +0 hat
Scrolls
 c - 2 scrolls of enchant armour {unknown}
 d - a scroll of amnesia {unknown}
 f - a scroll of silence {unknown}
 g - a scroll of identify {unknown}
 m - a scroll of vulnerability {unknown}
 n - a scroll of blinking {unknown}
 o - a scroll of fear {unknown}
Potions
 q - a potion of haste
 r - a potion of resistance {unknown}
 s - a potion of berserk rage {unknown}
Miscellaneous
 b - a piece from Xom's chessboard (15/15) (quivered)


   Skills:
 + Level 5.1 Fighting
 + Level 5.1 Maces & Flails
 + Level 4.7 Dodging


You had 6 spell levels left.
You didn't know any spells.
Your spell library contained the following spells:

 Spells                   Type           Power      Damage    Failure   Level
 Sublimation of Blood     Necr           0%         N/A       58%         2
 Ice Form                 Ice/Tmut       0%         N/A       99%         4
 Petrify                  Tmut/Erth      0%         N/A       99%         4
 Arcjolt                  Conj/Air       0%         1d10      100%        5
 Irradiate                Conj/Tmut      0%         3d11      100%        5
 Polar Vortex             Ice            0%         N/A       100%        9


Dungeon Overview and Level Annotations

Branches:
Dungeon (5/15)
 Temple: D:4-7

Altars:
Fedhas
Nemelex Xobeh
Xom


Innate Abilities, Weirdness & Mutations

You cannot wear most types of armour.
You are amphibious.
You can wear up to eight rings at the same time.
Your skin changes colour to match your surroundings (Stealth+).
Your rubbery body absorbs attacks. (AC +1, EV +1)
((You are camouflaged when in or above water. (Stealth+)))
You have tentacles for arms and can constrict up to eight enemies at once.
One of your tentacles bears a nasty spike.
You are mostly covered in iridescent scales. (AC +4)
You are agile. (Dex +4, Str/Int -1)
You possess an exceptional clarity of mind.
You are somewhat resistant to further mutation.
Your spells are harder to cast, but more powerful.


Message History

m - a scroll labelled VUGEK IGILUOSM
r - a glowing orange potion
Found an escape hatch in the floor.
Blork the orc comes into view.
He is wielding a +2 war axe of electrocution.
Found a blossoming altar of Fedhas.
Found a stone staircase leading up.
Blork the orc shouts!
Blork the orc casts a spell at you. The puff of flame misses you.
Blork the orc closely misses you.
You thump Blork the orc!
Blork the orc is poisoned.
You grab Blork the orc.
Your tentacle spike misses Blork the orc.
You squeeze Blork the orc!
Blork the orc is almost dead.
You constrict Blork the orc. Blork the orc misses you.
You sock Blork the orc!
You kill Blork the orc!
Your Fighting skill increases to level 5!
Your Maces & Flails skill increases to level 5!
You have reached level 7!
Found an escape hatch in the ceiling.
s - a fizzy yellow potion
Things that are here:
a +2 war axe of electrocution; a +0 robe; the orc corpse of Blork the orc "Fight to survive, mortal."
There are monsters nearby!
There are monsters nearby!
The red devil attacks as you move away! The red devil completely misses you.
The red devil hits you from afar with a +0 demon trident!
Barbed spikes become lodged in your body.
The shadow imp hits you.
The barbs in your skin will harm you if you move.
Continue?
Okay, then.
Unknown command.
As you read the scroll of teleportation, it crumbles to dust.
You feel strangely unstable. The rust devil closely misses you.
The shadow imp completely misses you. The soul eater hits you!!
* * * LOW HITPOINT WARNING * * *
Xom roars with laughter!
You feel drained.
You die...

≈P<.~~≈~..#
~PPP..≈≈≈≈.#
≈≈~.P_PP~≈≈~.#
≈≈~♣PP.P~≈≈~.#
~≈≈~.>P≈≈≈≈..#
~~≈~≈~≈≈≈~~..#
.≈~≈~≈≈≈~4.4.#
..~~≈≈≈≈~.3@.###
....~~≈....5<..#
#.......#####.#
##.........# .#
######.##.##.#
#.#.....#
#....>..#
###.....#
#.....#


You could see a soul eater (summoned), a rust devil (summoned), a red devil
(summoned) and a shadow imp (summoned).

Vanquished Creatures
  A phantom (D:4)
  Blork the orc (D:4)
  A scorpion (D:5)
  2 orc priests (D:5)
  A jelly (D:5)
  An iguana (D:5)
  Terence (D:3)
  An orc wizard (D:5)
  2 adders
  A shadow imp (D:5)
  An ufetubus (D:5)
  A worm (D:2)
  A dart slug (D:3)
  7 orcs
  A ball python (D:3)
  A bat (D:1)
  An endoplasm (D:3)
  5 goblins
  2 hobgoblins
  6 jackals
  3 kobolds (D:1)
  A quokka (D:2)
  A frilled lizard (D:2)
  A rat (D:3)
44 creatures vanquished.

Vanquished Creatures (collateral kills)
  An orc priest (D:5)
  2 orcs (D:5)
3 creatures vanquished.

Vanquished Creatures (others)
  2 withered plants (D:3)
2 creatures vanquished.

Grand Total: 49 creatures vanquished

Notes
Turn   | Place    | Note
-------+----------+-------------------------------------------
     0 | D:1      | M4edhros the Octopode Chaos Knight began the quest for the
                  | Orb.
     0 | D:1      | Reached XP level 1. HP: 16/16 MP: 1/1
   307 | D:1      | XOM: silly message
   516 | D:1      | XOM is BORED!
   516 | D:1      | XOM: noise
   832 | D:1      | XOM: silly message
  1304 | D:1      | XOM: divination: detect creatures
  1363 | D:1      | XOM: silly message
  1381 | D:1      | XOM: divination: magic mapping
  2210 | D:1      | XOM: 5-stop teleportation journey
  2290 | D:1      | XOM is BORED!
  2290 | D:1      | XOM: 4-stop teleportation journey
  2479 | D:1      | XOM: scenery: 2 doors close
  2764 | D:1      | XOM is BORED!
  2764 | D:1      | XOM: stat loss: -1 Dex (10/11)
  3303 | D:1      | XOM: 6-stop teleportation journey
  3306 | D:1      | XOM: scenery: create altars
  3359 | D:1      | Reached XP level 2. HP: 15/21 MP: 2/2
  3560 | D:1      | XOM: god gift: bardiche {god gift}
  3662 | D:1      | Got Amurez's Discourse on Gusty Snow
  4096 | D:1      | XOM: summons 2 hostile shadow creatures
  4437 | D:1      | XOM: god gift: scroll labelled OTZAUNT RAEME {god gift}
  4636 | D:1      | XOM: give mutations
  4636 | D:1      | Gained mutation: You are partially covered in iridescent
                  | scales. (AC +2) [Xom's grace]
  4636 | D:1      | Gained mutation: You are somewhat resistant to further
                  | mutation. [Xom's grace]
  4636 | D:1      | Gained mutation: One of your tentacles bears a spike.
                  | [Xom's grace]
  5294 | D:1      | XOM: divination: detect items
  5704 | D:1      | XOM: god gift: short sword {god gift}
  5812 | D:1      | XOM: scenery: create altars
  5887 | D:1      | XOM: god gift: robe {god gift}
  5900 | D:1      | XOM is BORED!
  5900 | D:1      | XOM: summons 1 hostile demon
  5920 | D:1      | XOM: give mutations
  5920 | D:1      | Gained mutation: Your spells are a little harder to cast,
                  | but a little more powerful. [Xom's grace]
  5920 | D:1      | Gained mutation: One of your tentacles bears a nasty spike.
                  | [Xom's grace]
  5920 | D:1      | Gained mutation: Your spells are harder to cast, but more
                  | powerful. [Xom's grace]
  6795 | D:1      | XOM: cloud trail
  7534 | D:1      | XOM: cloud trail
  7872 | D:1      | XOM: scenery: create altars
  8550 | D:1      | XOM: noise
  9873 | D:1      | XOM: god gift: 60 gold pieces
 10406 | D:1      | XOM: god gift: war axe {god gift}
 10432 | D:1      | XOM is BORED!
 10438 | D:1      | XOM: give mutations
 10438 | D:1      | Gained mutation: You are agile. (Dex +4, Str/Int -1) [Xom's
                  | grace]
 10438 | D:1      | Gained mutation: You are mostly covered in iridescent
                  | scales. (AC +4) [Xom's grace]
 10438 | D:1      | Gained mutation: You possess an exceptional clarity of
                  | mind. [Xom's grace]
 10920 | D:1      | XOM: divination: detect items
 10993 | D:1      | Glimpsed the power of Zot.
 11090 | D:3      | XOM: noise
 11134 | D:3      | Noticed Terence
 11144 | D:3      | Killed Terence
 11145 | D:3      | Reached XP level 3. HP: 18/26 MP: 3/3
 11185 | D:4      | XOM: butterfly on damage
 11231 | D:4      | Noticed a phantom
 11249 | D:3      | Reached XP level 4. HP: 31/32 MP: 4/4
 11297 | D:3      | Found a faded altar of an unknown god.
 11476 | D:4      | Killed a phantom
 11477 | D:4      | Reached XP level 5. HP: 12/37 MP: 5/5
 11577 | D:5      | Entered Level 5 of the Dungeon
 11585 | D:5      | XOM: summons friendly shadow imp
 11729 | D:5      | Reached XP level 6. HP: 36/44 MP: 6/6
 11917 | D:5      | Found a sparkling altar of Nemelex Xobeh.
 11994 | D:4      | Noticed Blork the orc
 11995 | D:4      | Found a blossoming altar of Fedhas.
 11999 | D:4      | Killed Blork the orc
 12000 | D:4      | Reached skill level 5 in Fighting
 12000 | D:4      | Reached skill level 5 in Maces & Flails
 12000 | D:4      | Reached XP level 7. HP: 29/50 MP: 7/7
 12018 | D:4      | XOM: summons 4 hostile demons
 12019 | D:4      | Noticed a red devil
 12019 | D:4      | Noticed a rust devil
 12019 | D:4      | Noticed a soul eater
 12020 | D:4      | HP: 1/50 [soul eater[Xom] (20)]
 12020 | D:4      | Slain by a soul eater

Illustrated notes

Levels and vault maps discovered:
D:1:      mrwooster_arrival_statue, layout_basic
D:2:      layout_basic
D:3:      minmay_inner_zag, layout_basic, nzn_wu_jian_council_hall,
          ebering_ecumenical_altar_petrified, uniq_crazy_yiuf_cottage,
          uniq_terence
D:4:      layout_loops_cross, fedhas_ov_isle_minmay, uniq_blork_the_orc,
          uniq_grinder, uniq_duvessa, uniq_pikel
D:5:      layout_loops_ring, nemelex_xobeh_ov_fountains_minmay

Skill      XL: |  1  2  3  4  5  6 |
---------------+-------------------+-----
Dodging        | 3 4 |  4.7
Fighting       | 4 5 |  5.1
Maces & Flails | 4 5 |  5.1

Action                   |  1- 3 |  4- 6 |  7- 9 || total
-------------------------+-------+-------+-------++-------
Melee: Mace              |    48 |    55 |       ||   103
       Constrict         |    15 |    15 |       ||    30
       Tentacles         |     6 |    10 |       ||    16
       Kick              |    11 |    21 |       ||    32
       Punch             |       |     1 |       ||     1
Evoke: Piece from Xom's  |     1 |       |       ||     1
  Use: Scroll            |     1 |       |     1 ||     2
       Potion            |       |     3 |       ||     3
 Stab: Sleeping          |     6 |     3 |       ||     9
Armor: Skin              |     4 |    10 |       ||    14
Dodge: Dodged            |    26 |    44 |     3 ||    73

Table legend: (Time is in decaauts)
 A = Elapsed time spent in this place.
 B = Non-inter-level travel time spent in this place.
 C = Inter-level travel time spent in this place.
 D = Time resting spent in this place.
 E = Time spent auto-exploring this place.
 F = Levels seen in this place.
 G = Mean time per level.
                   A        B        C        D        E       F      G
               +--------+--------+--------+--------+--------+-----+--------+
         Total |  12041 |  11973 |     68 |  10401 |   1179 |   5 | 2408.2 |
       Dungeon |  12041 |  11973 |     68 |  10401 |   1179 |   5 | 2408.2 |
               +--------+--------+--------+--------+--------+-----+--------+

Top non-repeatable levels by time:
     D:1: 11000 daAuts
     D:5: 409 daAuts
     D:3: 311 daAuts
     D:4: 221 daAuts
     D:2: 98 daAuts
